 Dungeon Crawl Stone Soup version 0.27.0 (webtiles) character file.

Game seed: 7000151682394310010

51 SnakkuSnakku7 the Conjurer (level 3, 0/25 HPs)
             Began as a Palentonga Conjurer on July 30, 2021.
             Was a Follower of Qazlal.
             Succumbed to an adder's poison
             ... on level 2 of the Dungeon.
             The game lasted 00:03:54 (1813 turns).

SnakkuSnakku7 the Conjurer (Palentonga Conjurer)    Turns: 1813, Time: 00:03:55

Health: 0/25       AC:  4    Str: 11    XL:     3   Next: 58%
Magic:  4/6        EV:  9    Int: 18    God:    Qazlal [*.....]
Gold:   21         SH:  1    Dex:  8    Spells: 3/6 levels left

rFire    . . .     SeeInvis +   c - +0 dagger
rCold    . . .     Faith    .   (no shield)
rNeg     . . .     Spirit   .   a - +0 robe
rPois    .         Reflect  .   (no helmet)
rElec    .         Harm     .   (no cloak)
rCorr    .         Rampage  .   (no gloves)
Will     .....                  (no barding)
Stlth    +.........             (no amulet)
HPRegen  0.08/turn              (no ring)
MPRegen  0.10/turn              (no ring)

@: lethally poisoned (0 -> -1), hasted, very quick
A: large, rugged brown scales 3, see invisible, deformed body, roll 1, armoured
tail
a: Rolling Charge, Renounce Religion


You were on level 2 of the Dungeon.
You worshipped Qazlal.
Qazlal was aware of your devotion.
You visited 1 branch of the dungeon, and saw 2 of its levels.

You collected 21 gold pieces.

Inventory:

Hand Weapons
 c - a +0 dagger (weapon)
Armour
 a - a +0 robe (worn)
Scrolls
 b - a scroll of blinking {unknown}
 e - a scroll of amnesia {unknown}
 f - 2 scrolls of fear {unknown}
 g - a scroll of immolation {unknown}
 h - 3 scrolls of identify {unknown}


   Skills:
 - Level 1.5 Dodging
 - Level 1.2 Stealth
 - Level 2.0 Spellcasting
 + Level 4.9 Conjurations


You had 3 spell levels left.
You knew the following spells:

 Your Spells              Type           Power      Damage    Failure   Level
a - Magic Dart            Conj           76%        1d6       2%          1
b - Searing Ray           Conj           38%        3d4       3%          2

Your spell library contained the following spells:

 Spells                   Type           Power      Damage    Failure   Level
 Dazzling Flash           Conj/Hex       20%        N/A       21%         3
 Fulminant Prism          Conj/Hex       5%         3d7       54%         4
 Iskenderun's Mystic Bla  Conj/Tloc      10%        2d4       54%         4


Dungeon Overview and Level Annotations

Branches:
Dungeon (2/15)

Altars:
Qazlal


Innate Abilities, Weirdness & Mutations

You are completely covered in rugged brown scales. (AC +3, +7% HP)
You have supernaturally acute eyesight. (SInv)
Armour fits poorly on your strangely shaped body.
You can roll at nearby foes to attack.
You have a long armoured tail.


Message History

You feel very sick. The adder bites you.
You are lethally poisoned!
The adder poisons you!
Casting: Magic Dart (safe; 2% risk of failure)
Confirm with . or Enter, or press ? or * to list all spells.
Aiming: Magic Dart (safe; 2% risk of failure)
Press: ? - help, Shift-Dir - straight line, f/p - adder
Aim: an adder (severely wounded, 100% to hit)
The magic dart hits the adder.
You kill the adder!
Qazlal accepts your kill.
You feel very sick.
It was a potion of haste.
You feel yourself speed up.
You feel sick.
You feel sick.
* * * LOW HITPOINT WARNING * * *
You feel sick.
* * * LOW HITPOINT WARNING * * *
You feel sick.
You see here 10 gold pieces.
* * * LOW HITPOINT WARNING * * *
You feel sick.
* * * LOW HITPOINT WARNING * * *
You feel sick.
* * * LOW HITPOINT WARNING * * *
You feel sick.
* * * LOW HITPOINT WARNING * * *
You feel sick.
You open the door. 3 jackals come into view.
* * * LOW HITPOINT WARNING * * *
You feel sick.
The jackal barks! x2
The jackal moves out of view.
Found 15 gold pieces.
A jackal comes into view.
You close the door.
* * * LOW HITPOINT WARNING * * *
You feel sick.
The jackal moves out of view.
You die...

.. #........ ###
...##.#...... ## #..
............ ...
#.##########.......w .$..
#.#............###.. .....
#.#.#########..#####
..h...#......)....†.......
hh....+.........#.†#..####
......###@#.$.#.#.w#.....
..... #.#.#.# #..##.####
#### #.#.#.# #(w# ..
#.#.#<# #..# .## #.#.#.#
#..# .# #.#.### #..# #.#.#
#..# .... #..#


There were no monsters in sight!

Vanquished Creatures
  2 adders (D:2)
  2 ball pythons (D:1)
  5 bats
  2 endoplasms
  4 giant cockroaches
  2 goblins (D:1)
  A hobgoblin (D:1)
  3 jackals (D:1)
  3 kobolds (D:1)
  3 quokkas
  A frilled lizard (D:1)
  2 rats (D:1)
30 creatures vanquished.

Notes
Turn   | Place    | Note
-------+----------+-------------------------------------------
     0 | D:1      | SnakkuSnakku7 the Palentonga Conjurer began the quest for
                  | the Orb.
     0 | D:1      | Reached XP level 1. HP: 13/13 MP: 3/3
   415 | D:1      | Reached skill level 4 in Conjurations
   462 | D:1      | Reached XP level 2. HP: 18/20 MP: 0/5
   566 | D:1      | Learned a level 2 spell: Searing Ray
  1249 | D:1      | Found a faded altar of an unknown god.
  1419 | D:1      | Became a worshipper of Qazlal Stormbringer
  1419 | D:1      | Reached * piety under Qazlal
  1466 | D:2      | Reached XP level 3. HP: 25/25 MP: 3/6
  1811 | D:2      | HP: 1/25 [poisoned by an adder]
  1813 | D:2      | Succumbed to an adder's poison

Illustrated notes

Levels and vault maps discovered:
D:1:      lightli_arrival_boilingwater, layout_loops_ring,
          dreamdust_ecumenical_altar_hidden_monk_grotto
D:2:      layout_basic

Skill      XL: |  1 |
---------------+----+-----
Conjurations   | 4 |  4.9
Dodging        | |  1.5
Stealth        | |  1.2
Spellcasting   | |  2.0

Action                   || total
-------------------------++-------
Melee: Unarmed           ||    10
       Tailslap          ||     1
       Dagger            ||    16
 Cast: Magic Dart        ||    64
       Searing Ray       ||     2
 Abil: Rolling Charge    ||     1
  Use: Potion            ||     1
Armor: Robe              ||    19
Dodge: Dodged            ||    22
